 Dungeon Crawl Stone Soup version 0.19.4 (webtiles) character file.

2699 Naow the Destroyer (level 9, -16/45 HPs)
             Began as a Deep Elf Conjurer on Feb 1, 2017.
             Was an Initiate of Vehumet.
             Hit by a large rock thrown by a cyclops (18 damage)
             ... on level 7 of the Dungeon.
             The game lasted 00:13:17 (9084 turns).

Naow the Destroyer (Deep Elf Conjurer)              Turns: 9084, Time: 00:13:18

Health: -16/45     AC:  2    Str:  5    XL:     9   Next: 38%
Magic:  10/24      EV: 13    Int: 24    God:    Vehumet [......]
Gold:   239        SH:  0    Dex: 15    Spells: 4 memorised, 15 levels left

rFire  + . .     SeeInvis .     e - +0 short sword
rCold  . . .     Gourm    .     a - +0 robe
rNeg   . . .     Faith    .     (no shield)
rPois  .         Spirit   .     (no helmet)
rElec  .         Reflect  .     (no cloak)
rCorr  .         Harm     .     (no gloves)
MR     +....                    (no boots)
Stlth  ++........               (no amulet)
                                C - ring of protection from magic
                                i - ring of protection from fire

@: no status effects
A: no striking features
a: Renounce Religion


You were on level 7 of the Dungeon.
You worshipped Vehumet.
Vehumet was noncommittal.
You were very hungry.

You visited 2 branches of the dungeon, and saw 8 of its levels.

You collected 239 gold pieces.

Inventory:

Hand Weapons
 e - a +0 short sword (weapon)
Armour
 a - a +0 robe (worn)
 n - a +0 buckler
Jewellery
 i - a ring of protection from fire (left hand)
 C - a ring of protection from magic (right hand)
Wands
 D - a wand of enslavement (14/24)
Scrolls
 k - 4 scrolls of remove curse
 l - 5 scrolls of identify {unknown}
 m - 3 scrolls of teleportation {unknown}
 p - a scroll of magic mapping {unknown}
 t - a scroll of recharging {unknown}
 u - 2 scrolls of random uselessness {unknown}
 w - 2 scrolls of fear {unknown}
 B - a scroll of enchant weapon {unknown}
Potions
 d - 2 potions of flight {unknown}
 f - a potion of cancellation {unknown}
 g - 3 potions of curing
 j - a potion of brilliance {unknown}
 o - a potion of degeneration {unknown}
 q - 2 potions of agility {unknown}
 r - a potion of cure mutation {unknown}
 s - a potion of mutation {unknown}
 z - a potion of heal wounds {unknown}
 E - a potion of invisibility {unknown}
Books
 b - a book of Conjurations

   Spells                             Type                      Level
   a - Magic Dart                     Conjuration                  1
   b - Searing Ray                    Conjuration                  2
   c - Dazzling Spray                 Conjuration/Hexes            3
   d - Fulminant Prism                Conjuration/Hexes            4
   e - Iskenderun's Mystic Blast      Conjuration                  4
   f - Iskenderun's Battlesphere      Conjuration/Charms           5
 y - a book of Frost

   Spells                             Type                      Level
   a - Freeze                         Ice                          1
   b - Throw Frost                    Conjuration/Ice              2
   c - Ozocubu's Armour               Charms/Ice                   3
   d - Throw Icicle                   Conjuration/Ice              4
   e - Summon Ice Beast               Ice/Summoning                4
 F - a book of Air

   Spells                             Type                      Level
   a - Shock                          Conjuration/Air              1
   b - Swiftness                      Charms/Air                   2
   c - Repel Missiles                 Charms/Air                   2
   d - Static Discharge               Conjuration/Air              3
   e - Lightning Bolt                 Conjuration/Air              5
Comestibles
 c - 4 bread rations
 h - 7 meat rations
 v - 2 slices of pizza
 x - 4 beef jerkies
 A - 11 fruits


   Skills:
 - Level 2.4 Dodging
 - Level 2.4 Stealth
 + Level 2.2 Shields
 + Level 9.5 Spellcasting
 * Level 11.2 Conjurations
 + Level 5.4 Charms


You had 15 spell levels left.
You knew the following spells:

 Your Spells              Type           Power        Failure   Level  Hunger
a - Magic Dart            Conj           ####         1%          1    None
b - Searing Ray           Conj           ######       1%          2    None
c - Iskenderun's Battles  Conj/Chrm      ######..     6%          5    ####...
d - Iskenderun's Mystic   Conj           ######..     1%          4    ##.....


Dungeon Overview and Level Annotations

Branches:
Dungeon (7/15)             Temple (1/1) D:7

Altars:
Ashenzari
Cheibriados
Dithmenos
Fedhas
Gozag
Hepliaklqana
Kikubaaqudgha
Makhleb
Nemelex Xobeh
Okawaru
Qazlal
Ru
Sif Muna
Trog
Uskayaw
Vehumet
Xom
Yredelemnul
Zin
The Shining One


Message History

Press: ? - help, Shift-Dir - straight line, f/p - cyclops
Aim: a cyclops (lightly wounded)
The orb of energy hits the cyclops.
The cyclops is moderately wounded.
The orb of energy explodes!
A vampire mosquito comes into view.
Casting: Iskenderun's Mystic Blast
Confirm with . or Enter, or press ? or * to list all spells.
Aiming: Iskenderun's Mystic Blast
Press: ? - help, Shift-Dir - straight line, f/p - cyclops
Aim: a cyclops (moderately wounded)
The orb of energy hits the cyclops.
The cyclops is moderately wounded.
The orb of energy explodes!
The mystic blast hits the vampire mosquito.
The vampire mosquito is heavily damaged.
The cyclops hits you!
* * * LOW HITPOINT WARNING * * *
The cyclops throws a large rock.
The large rock hits you!!
You die...

#..###..# #..
#..# ##.## ##. #
#..# #..###### #.
#..# ##......# y#
###..##########.#
y#.
#......######.#
#C#
##.###.........
####.####.#
#########.
##....@##..# ##
#.....(......#
#.#######....#
#....# #....#
#....# ######


You could see a cyclops and 2 vampire mosquitoes.

Vanquished Creatures
  Pikel (D:6)
  Sigmund (D:4)
  Eustachio (D:5)
  Menkaure (D:6)
  An orc warrior (D:5)
  An ice beast (D:5)
  A sky beast (D:5)
  4 slaves
  3 ogres
  2 centaurs (D:6)
  2 bullfrogs
  A wyvern skeleton (D:6)
  A scorpion (D:4)
  2 howler monkeys
  2 crimson imps
  A quasit (D:5)
  2 jellies
  2 orc priests
  2 hounds (D:6)
  3 orc wizards
  Ijyb (D:2)
  2 iguanas
  Terence (D:2)
  5 worker ants
  Natasha (D:2)
  A hound zombie (D:5)
  A hound skeleton (D:4)
  A worker ant zombie (D:5)
  A howler monkey skeleton (D:5)
  5 adders
  A shadow imp (D:6)
  2 oozes (D:1)
  2 adder zombies
  2 adder skeletons
  5 worms
  4 leopard geckos
  23 orcs
  4 bats
  A giant cockroach (D:4)
  7 goblins
  6 hobgoblins
  3 jackals (D:4)
  9 kobolds
  3 quokkas
  3 frilled lizards
  A leopard gecko skeleton (D:5)
  10 rats
139 creatures vanquished.

Notes
Turn   | Place    | Note
-------+----------+-------------------------------------------
     0 | D:1      | Naow the Deep Elf Conjurer began the quest for the Orb.
     0 | D:1      | Reached XP level 1. HP: 10/10 MP: 6/6
   228 | D:1      | Reached XP level 2. HP: 15/15 MP: 5/8
   232 | D:1      | Learned a level 2 spell: Searing Ray
   569 | D:1      | Reached skill level 5 in Conjurations
   911 | D:1      | Reached XP level 3. HP: 19/19 MP: 2/10
  1434 | D:2      | Noticed Terence
  1441 | D:2      | Killed Terence
  1441 | D:2      | Reached XP level 4. HP: 21/24 MP: 3/12
  1745 | D:2      | Noticed Natasha
  1748 | D:2      | Killed Natasha
  1748 | D:2      | Reached skill level 6 in Conjurations
  1898 | D:2      | Found a burning altar of Makhleb.
  2173 | D:2      | Noticed Ijyb
  2184 | D:2      | Killed Ijyb
  2184 | D:2      | Reached XP level 5. HP: 11/28 MP: 2/13
  2191 | D:2      | Learned a level 5 spell: Iskenderun's Battlesphere
  2196 | D:2      | Learned a level 4 spell: Iskenderun's Mystic Blast
  2462 | D:3      | Found a stormy altar of Qazlal.
  2463 | D:3      | Noticed Sigmund
  2804 | D:3      | Found an opulent altar of Gozag.
  3312 | D:3      | Found an iron altar of Okawaru.
  3563 | D:3      | Found a shattered altar of Ashenzari.
  3564 | D:3      | Found a blossoming altar of Fedhas.
  3718 | D:4      | Reached skill level 5 in Spellcasting
  3996 | D:4      | Reached skill level 7 in Conjurations
  3996 | D:4      | Reached XP level 6. HP: 19/32 MP: 8/15
  4224 | D:4      | Found a sparkling altar of Nemelex Xobeh.
  4429 | D:4      | Killed Sigmund
  4429 | D:4      | Reached skill level 8 in Conjurations
  4429 | D:4      | Reached XP level 7. HP: 30/36 MP: 8/18
  4505 | D:4      | Found a glowing golden altar of the Shining One.
  5171 | D:5      | Entered Level 5 of the Dungeon
  5475 | D:5      | Found a shimmering altar of Xom.
  5515 | D:5      | Reached skill level 9 in Conjurations
  5773 | D:5      | Found a deep blue altar of Sif Muna.
  6046 | D:5      | Noticed Eustachio
  6069 | D:5      | Killed Eustachio
  6069 | D:5      | Reached XP level 8. HP: 41/41 MP: 1/21
  6274 | D:5      | Reached skill level 1 in Charms
  6600 | D:5      | Reached skill level 10 in Conjurations
  7774 | D:6      | Found a shadowy altar of Dithmenos.
  7790 | D:6      | Noticed Menkaure
  7796 | D:6      | Killed Menkaure
  7796 | D:6      | Reached skill level 1 in Shields
  8149 | D:6      | Noticed Pikel
  8153 | D:6      | Killed Pikel
  8153 | D:6      | Reached skill level 11 in Conjurations
  8153 | D:6      | Reached skill level 5 in Charms
  8153 | D:6      | Reached XP level 9. HP: 45/45 MP: 12/24
  8247 | D:6      | Found a hazy altar of Hepliaklqana.
  8830 | D:7      | Found a staircase to the Ecumenical Temple.
  8858 | Temple   | Entered the Ecumenical Temple
  8913 | Temple   | Became a worshipper of Vehumet
  9077 | D:7      | Noticed a cyclops
  9083 | D:7      | HP: 2/45 [cyclops (16)]
  9084 | D:7      | Hit by a large rock thrown by a cyclops

Skill      XL: |  1  2  3  4  5  6  7  8  9 |
---------------+----------------------------+-----
Conjurations   | 5 6 7 8 9 11 | 11.2
Spellcasting   | 4 5 6 7 9 |  9.5
Charms         | 5 |  5.4
Shields        | 1 2 |  2.2
Dodging        | |  2.4
Stealth        | |  2.4

Action                   |  1- 3 |  4- 6 |  7- 9 || total
-------------------------+-------+-------+-------++-------
Melee: Short sword       |       |       |     1 ||     1
 Cast: Magic Dart        |    70 |    93 |   141 ||   304
       Searing Ray       |     1 |     8 |    10 ||    19
       Iskenderun's Myst |       |       |    37 ||    37
       Iskenderun's Batt |       |       |     5 ||     5
  Use: Scroll            |     2 |       |       ||     2
  Eat: Chunk             |     1 |     7 |    13 ||    21
       Royal jelly       |       |     1 |       ||     1
       Fruit             |       |       |     4 ||     4
Armor: Robe              |       |     3 |     8 ||    11
Dodge: Dodged            |     4 |    20 |    51 ||    75
